 Dungeon Sprint DCSS version 0.30-a0-793-g160f7cfddd (webtiles) character file.

Game seed: 3856896805200317691

2759 PLAYERX the Nimble (level 9, -23/79 HPs)
             Began as a Gnoll Monk on Feb 19, 2023.
             Was an Elder of Nemelex Xobeh.
             Killed from afar by a storm dragon (32 damage)
             ... with a bolt of lightning
             ... while paralysed by a floating eye
             ... in the Dungeon (Sprint VII: "The Pits").
             The game lasted 00:08:14 (1213 turns).

PLAYERX the Nimble (Gnoll Monk)                     Turns: 1213, Time: 00:08:14

Health: -23/79     AC: 16    Str: 17    XL:     9   Next: 69%
Magic:  20/21      EV:  2    Int:  9    God:    Nemelex Xobeh [****..]
Gold:   0          SH:  0    Dex: 16    Spells: 24/24 levels left

rFire   . . .      SeeInvis .    m - +2 trident (heavy)
rCold   . . .      Faith    .    (no shield)
rNeg    . . .      Spirit   .    t - +3 plate armour
rPois   .          Reflect  .    (no helmet)
rElec   .          Harm     .    (no cloak)
rCorr   .          Rampage  .    (no gloves)
Will    .....      NoTele   +    (no boots) Stlth
                                 (no amulet)
HPRegen 0.33/turn                o - +3 ring of strength
MPRegen 0.17/turn                p - +3 ring of evasion

@: paralysed
A: fangs 1, strong nose, distributed training
a: Renounce Religion, Draw Escape, Draw Destruction, Draw Summoning, Triple
Draw, Deal Four


You were in the Dungeon.
You worshipped Nemelex Xobeh.
Nemelex Xobeh was greatly pleased with you.
You visited 1 branch

Inventory:

Hand Weapons
 a - a +2 vampiric trident
 m - a +2 heavy trident (weapon)
Armour
 t - a +3 plate armour (worn)
Jewellery
 o - a +3 ring of strength (left hand)
 p - a +3 ring of evasion (right hand)
Wands
 f - a wand of flame (22)
Scrolls
 i - a scroll of blinking
 k - 5 scrolls of amnesia
 l - a scroll of butterflies
Potions
 c - a potion of ambrosia
 d - 7 potions of curing
 e - a potion of heal wounds
 g - 4 potions of magic
 h - 2 potions of berserk rage
 j - 2 potions of invisibility
 q - a potion of brilliance
 r - 2 potions of mutation
 s - a potion of resistance


   Skills:
 + Level 10.6 Fighting
 + Level 8.3 Short Blades
 + Level 8.3 Long Blades
 + Level 8.3 Axes
 + Level 8.3 Maces & Flails
 + Level 10.6 Polearms
 + Level 8.3 Staves
 + Level 8.3 Ranged Weapons
 + Level 8.3 Throwing
 + Level 8.3 Armour
 + Level 10.6 Dodging
 + Level 9.4 Stealth
 + Level 8.3 Shields
 + Level 8.3 Unarmed Combat
 + Level 8.3 Spellcasting
 + Level 6.9 Conjurations
 + Level 6.9 Hexes
 + Level 6.9 Summonings
 + Level 6.9 Necromancy
 + Level 6.9 Translocations
 + Level 6.9 Transmutations
 + Level 6.9 Fire Magic
 + Level 6.9 Ice Magic
 + Level 6.9 Air Magic
 + Level 6.9 Earth Magic
 + Level 6.9 Poison Magic
 + Level 9.1 Invocations
 + Level 8.3 Evocations


You had 24 spell levels left.
You didn't know any spells.
Your spell library was empty.

Dungeon Overview and Level Annotations

Branches:
Dungeon (1/1)

Altars:
Ashenzari
Cheibriados
Dithmenos
Elyvilon
Fedhas
Gozag
Hepliaklqana
Kikubaaqudgha
Makhleb
Nemelex Xobeh
Okawaru
Qazlal
Ru
Sif Muna
Trog
Uskayaw
Vehumet
Wu Jian
Xom
Yredelemnul
Zin
The Shining One
Jiyva
Lugonu


Innate Abilities, Weirdness & Mutations

You have very sharp teeth.
Your uncanny sense of smell can sniff out nearby items.
Your experience applies equally to all skills.


Message History

An ice beast comes into view.
Your Short Blades skill increases to level 8!
Your Long Blades skill increases to level 8!
Your Axes skill increases to level 8!
Your Maces & Flails skill increases to level 8!
Your Staves skill increases to level 8!
Your Ranged Weapons skill increases to level 8!
Your Throwing skill increases to level 8!
Your Armour skill increases to level 8!
Your Shields skill increases to level 8!
Your Unarmed Combat skill increases to level 8!
Your Spellcasting skill increases to level 8!
Your Invocations skill increases to level 9!
Your Evocations skill increases to level 8!
The storm dragon bites you but does no damage.
The storm dragon claws you but does no damage.
The storm dragon tramples you but does no damage.
You puncture the storm dragon!
The storm dragon is severely wounded.
The storm dragon bites you. The storm dragon misses you.
The storm dragon tramples you.
You hold your ground!
A gnoll comes into view. It is wielding a +0 whip.
The gnoll shouts!
You hit the storm dragon.
The storm dragon is severely wounded.
The storm dragon breathes lightning at you.
The bolt of lightning hits you!! The bolt of lightning misses you.
The floating eye seems to glare at you. The storm dragon closely misses you.
The storm dragon barely misses you.
The storm dragon tramples you but does no damage.
You completely miss the storm dragon. Your bite misses the storm dragon.
The storm dragon is severely wounded.
The floating eye gazes piercingly through you!
You suddenly lose the ability to move!
The storm dragon breathes lightning at you.
The bolt of lightning hits you!!
* * * LOW HITPOINT WARNING * * *
The bolt of lightning hits you!!
You die...
Your body glows with a rainbow of weird colours and disappears.

∆∆∆∆ ∆ ##### ___.# ___.#
_...###########++######
###'##................#
))'.##......#..#......#
###.##..........@.....+
.....'..........D.....+
'#####......#..#Y.....#
.#.[##................#
.#).#####'#####)G######
##))##.......##g'#########
.#))##.......##.†........#
.#..##.......##...§3.....+
##'###...<...##..#####...#


You could see a storm dragon (catching breath, misshapen, drained), an ice
beast, a floating eye and a gnoll.

Vanquished Creatures
  A flayed ghost (D)
  Pikel (D)
  A cyclops (D)
  A guardian mummy (D)
  A snapping turtle (D)
  A ynoxinul (D)
  A redback (D)
  2 floating eyes (D)
  An orc warrior (D)
  Pargi (D)
  An ogre (D)
  A scorpion (D)
  A quasit (D)
  2 orc priests (D)
  A jelly (D)
  A hell rat (D)
  An orc wizard (D)
  A gnoll (D)
  A river rat (D)
  A worm (D)
  5 orcs (D)
  A bat skeleton (D)
  2 hobgoblins (D)
  2 jackals (D)
  A quokka (D)
  A frilled lizard (D)
  A quokka skeleton (D)
  A rat (D)
36 creatures vanquished.

Notes
Turn   | Place    | Note
-------+----------+-------------------------------------------
     0 | D        | PLAYERX the Gnoll Monk began the quest for the Orb.
     0 | D        | Reached XP level 1. HP: 23/23 MP: 1/1
    17 | D        | Reached skill level 1 in Short Blades
    17 | D        | Reached skill level 1 in Long Blades
    17 | D        | Reached skill level 1 in Axes
    17 | D        | Reached skill level 1 in Maces & Flails
    17 | D        | Reached skill level 1 in Staves
    17 | D        | Reached skill level 1 in Ranged Weapons
    17 | D        | Reached skill level 1 in Throwing
    17 | D        | Reached skill level 1 in Armour
    17 | D        | Reached skill level 1 in Shields
    17 | D        | Reached skill level 1 in Unarmed Combat
    17 | D        | Reached skill level 1 in Spellcasting
    17 | D        | Reached skill level 1 in Conjurations
    17 | D        | Reached skill level 1 in Hexes
    17 | D        | Reached skill level 1 in Summonings
    17 | D        | Reached skill level 1 in Necromancy
    17 | D        | Reached skill level 1 in Translocations
    17 | D        | Reached skill level 1 in Transmutations
    17 | D        | Reached skill level 1 in Fire Magic
    17 | D        | Reached skill level 1 in Ice Magic
    17 | D        | Reached skill level 1 in Air Magic
    17 | D        | Reached skill level 1 in Earth Magic
    17 | D        | Reached skill level 1 in Poison Magic
    17 | D        | Reached skill level 1 in Invocations
    17 | D        | Reached skill level 1 in Evocations
    17 | D        | Reached XP level 2. HP: 21/29 MP: 1/3
    79 | D        | Found a bloodstained altar of Trog.
    79 | D        | Found a shimmering blue altar of Sif Muna.
    79 | D        | Found a viscous altar of Jiyva.
    79 | D        | Found a hazy altar of Hepliaklqana.
    79 | D        | Found an opulent altar of Gozag.
    80 | D        | Found a glowing golden altar of the Shining One.
    80 | D        | Found a glowing silver altar of Zin.
    80 | D        | Found a basalt altar of Yredelemnul.
    80 | D        | Found a shimmering altar of Xom.
    80 | D        | Found an ornate altar of the Wu Jian Council.
    80 | D        | Found a sacrificial altar of Ru.
    80 | D        | Found a stormy altar of Qazlal.
    80 | D        | Found an iron altar of Okawaru.
    80 | D        | Found a sparkling altar of Nemelex Xobeh.
    80 | D        | Found a burning altar of Makhleb.
    80 | D        | Found a blossoming altar of Fedhas.
    80 | D        | Found a white marble altar of Elyvilon.
    80 | D        | Found a shadowy altar of Dithmenos.
    80 | D        | Found a snail-covered altar of Cheibriados.
    82 | D        | Found a radiant altar of Vehumet.
    82 | D        | Found a corrupted altar of Lugonu.
    83 | D        | Found a hide-covered altar of Uskayaw.
    83 | D        | Found an ancient bone altar of Kikubaaqudgha.
    83 | D        | Found a broken altar of Ashenzari.
   123 | D        | Became a worshipper of Nemelex Xobeh the Trickster
   123 | D        | Reached * piety under Nemelex Xobeh
   123 | D        | Received a gift from Nemelex Xobeh
   123 | D        | Reached ** piety under Nemelex Xobeh
   189 | D        | Noticed a scorpion
   194 | D        | Reached XP level 3. HP: 32/35 MP: 5/5
   236 | D        | Killed a scorpion
   237 | D        | Reached skill level 5 in Stealth
   237 | D        | Reached XP level 4. HP: 11/43 MP: 5/8
   374 | D        | Reached XP level 5. HP: 45/48 MP: 8/10
   374 | D        | Noticed an orc warrior
   376 | D        | Noticed an ogre
   385 | D        | Killed an orc warrior
   386 | D        | Reached XP level 6. HP: 56/56 MP: 9/12
   391 | D        | Reached skill level 5 in Invocations
   392 | D        | Reached skill level 5 in Short Blades
   392 | D        | Reached skill level 5 in Long Blades
   392 | D        | Reached skill level 5 in Axes
   392 | D        | Reached skill level 5 in Maces & Flails
   392 | D        | Reached skill level 5 in Staves
   392 | D        | Reached skill level 5 in Ranged Weapons
   392 | D        | Reached skill level 5 in Throwing
   392 | D        | Reached skill level 5 in Armour
   392 | D        | Reached skill level 5 in Shields
   392 | D        | Reached skill level 5 in Unarmed Combat
   392 | D        | Reached skill level 5 in Spellcasting
   392 | D        | Reached skill level 5 in Evocations
   409 | D        | Received a gift from Nemelex Xobeh
   421 | D        | Noticed Pargi
   423 | D        | Killed Pargi
   424 | D        | Reached XP level 7. HP: 62/63 MP: 13/15
   426 | D        | Noticed a redback
   429 | D        | Killed a redback
   432 | D        | Noticed Pikel
   445 | D        | Killed Pikel
   446 | D        | Reached skill level 5 in Conjurations
   446 | D        | Reached skill level 5 in Hexes
   446 | D        | Reached skill level 5 in Summonings
   446 | D        | Reached skill level 5 in Necromancy
   446 | D        | Reached skill level 5 in Translocations
   446 | D        | Reached skill level 5 in Transmutations
   446 | D        | Reached skill level 5 in Fire Magic
   446 | D        | Reached skill level 5 in Ice Magic
   446 | D        | Reached skill level 5 in Air Magic
   446 | D        | Reached skill level 5 in Earth Magic
   446 | D        | Reached skill level 5 in Poison Magic
   446 | D        | Reached XP level 8. HP: 29/71 MP: 15/17
   593 | D        | Reached *** piety under Nemelex Xobeh
   593 | D        | Noticed a snapping turtle
   615 | D        | Killed a snapping turtle
   987 | D        | Received a gift from Nemelex Xobeh
   993 | D        | Reached **** piety under Nemelex Xobeh
   993 | D        | Received a gift from Nemelex Xobeh
   994 | D        | Noticed a cyclops
   997 | D        | Killed a cyclops
   998 | D        | Reached skill level 10 in Fighting
   998 | D        | Reached skill level 10 in Polearms
   998 | D        | Reached skill level 10 in Dodging
   998 | D        | Reached XP level 9. HP: 78/78 MP: 18/20
   998 | D        | Noticed a guardian mummy
  1010 | D        | Killed a guardian mummy
  1176 | D        | Noticed a death yak
  1179 | D        | Noticed a two-headed ogre
  1190 | D        | a death yak changed into a storm dragon
  1190 | D        | Noticed a storm dragon
  1190 | D        | a two-headed ogre changed into a floating eye
  1192 | D        | Paralysed by a floating eye for 3 turns
  1193 | D        | Noticed a flayed ghost
  1193 | D        | HP: 1/78 [storm dragon (3)]
  1209 | D        | Killed a flayed ghost
  1213 | D        | Paralysed by a floating eye for 4 turns
  1213 | D        | Killed from afar by a storm dragon

Illustrated notes

Levels and vault maps discovered:
D:        pitsprint [storerooms_1, entrance_room_1, metal_vault_8, armoury_3,
          mini_pit_1, grid_room_1, main_hall_1, silver_pit, the_coven_3,
          the_vestibule_1, steel_vault_2, golden_pit, hallway_of_sentries,
          crystal_vault_4, iron_vault_5, final_vault]

Skill      XL: |  1  2  3  4  5  6  7  8  9 |
---------------+----------------------------+-----
Short Blades   | 1 2 3 4 5 6 7 8 |  8.3
Long Blades    | 1 2 3 4 5 6 7 8 |  8.3
Axes           | 1 2 3 4 5 6 7 8 |  8.3
Maces & Flails | 1 2 3 4 5 6 7 8 |  8.3
Staves         | 1 2 3 4 5 6 7 8 |  8.3
Ranged Weapons | 1 2 3 4 5 6 7 8 |  8.3
Throwing       | 1 2 3 4 5 6 7 8 |  8.3
Armour         | 1 2 3 4 5 6 7 8 |  8.3
Shields        | 1 2 3 4 5 6 7 8 |  8.3
Unarmed Combat | 1 2 3 4 5 6 7 8 |  8.3
Spellcasting   | 1 2 3 4 5 6 7 8 |  8.3
Conjurations   | 1 2 3 4 5 6 |  6.9
Hexes          | 1 2 3 4 5 6 |  6.9
Summonings     | 1 2 3 4 5 6 |  6.9
Necromancy     | 1 2 3 4 5 6 |  6.9
Translocations | 1 2 3 4 5 6 |  6.9
Transmutations | 1 2 3 4 5 6 |  6.9
Fire Magic     | 1 2 3 4 5 6 |  6.9
Ice Magic      | 1 2 3 4 5 6 |  6.9
Air Magic      | 1 2 3 4 5 6 |  6.9
Earth Magic    | 1 2 3 4 5 6 |  6.9
Poison Magic   | 1 2 3 4 5 6 |  6.9
Invocations    | 1 2 3 4 6 7 8 9 |  9.1
Evocations     | 1 2 3 4 5 6 7 8 |  8.3
Fighting       | 7 8 9 10 | 10.6
Polearms       | 7 8 9 10 | 10.6
Dodging        | 7 8 9 10 | 10.6
Stealth        | 5 6 7 8 9 |  9.4

Action                     |  1- 3 |  4- 6 |  7- 9 || total
---------------------------+-------+-------+-------++-------
  Melee: Spear             |     4 |       |       ||     4
         Bite              |     2 |     3 |     8 ||    13
         Trident           |    23 |    38 |    61 ||   122
         Punch             |     1 |       |     2 ||     3
 Invoke: Draw Destruction  |       |       |    15 ||    15
    Use: Potion            |       |     3 |    10 ||    13
   Stab: Sleeping          |     2 |     1 |     1 ||     4
 Armour: Robe              |     5 |     7 |       ||    12
         Scale mail        |       |     9 |     7 ||    16
         Plate armour      |       |       |    81 ||    81
  Dodge: Dodged            |    28 |    41 |   139 ||   208

Table legend: (Time is in decaauts)
 A = Elapsed time spent in this place.
 B = Non-inter-level travel time spent in this place.
 C = Inter-level travel time spent in this place.
 D = Time resting spent in this place.
 E = Time spent auto-exploring this place.
 F = Levels seen in this place.
 G = Mean time per level.
                   A        B        C        D        E       F      G
               +--------+--------+--------+--------+--------+-----+--------+
         Total |   1232 |   1232 |      0 |    601 |     35 |   1 | 1232.0 |
       Dungeon |   1232 |   1232 |      0 |    601 |     35 |   1 | 1232.0 |
               +--------+--------+--------+--------+--------+-----+--------+

Top non-repeatable levels by time:
       D: 1232 daAuts
